Map: Kairos Junction LE

Players

BilboBagins - Winner!

  • Race: Zerg Zerg
  • League: Diamond
  • Spawn Location: 5:00

PluTo

  • Race: Protoss Protoss
  • League: Master
  • Spawn Location: 11:00

VOD

Have the link to the VOD?

Description

Time

  • Played on: May 4, 2019, 2:44 p.m.
  • Length: 9:36
Show
View Real Time Build Order
Export as new Build Order

BilboBagins Zerg - Winner!

Build Orders: Pool First 

Get SALT Encoding   

  12  0:19  Spawning Pool  
  11  0:22  Drone  
  11  0:27  Drone  
  13  0:31  Drone  
  14  0:40  Overlord  
  14  1:07  Zergling x6  
  17  1:25  Drone  
  17  1:29  Drone  
  17  1:30  Hatchery  
  18  1:36  Queen  
  20  1:41  Drone  
  21  1:51  Overlord  
  20  2:06  Drone  
  21  2:12  Drone  
  24  2:24  Drone  
  25  2:35  Drone  
  25  2:36  Queen  
  25  2:42  Hatchery  
  23  2:44  Drone x2  
  25  2:54  Overlord, Drone x2  
  25  2:55  Drone  
  25  2:58  Drone  
  29  3:08  Drone x2  
  31  3:16  Zergling x2  
  31  3:18  Queen, Zergling x2  
  35  3:25  Zergling x2  
  36  3:29  Queen  
  36  3:30  Zergling x2  
  39  3:36  Zergling x2  
  40  3:42  Zergling x2  
  40  3:45  Zergling x6  
  43  3:54  Extractor, Drone x2  
  43  3:58  Drone  
  43  3:59  Drone  
  45  4:04  Drone  
  45  4:05  Drone  
  47  4:12  Drone  
  47  4:14  Drone  
  47  4:15  Drone  
  50  4:20  Overlord  
  50  4:32  Overlord  
  50  4:35  Spore Crawler  
  50  4:36  Overlord  
  50  4:38  Overlord  
  49  4:40  Drone x4  
  49  4:41  Drone x3  
  49  4:44  Drone  
  57  4:51  Spore Crawler, Drone x2  
  58  4:59  Roach Warren  
  57  5:00  Overlord  
  57  5:01  Drone x2  
  57  5:04  Spore Crawler  
  58  5:09  Metabolic Boost  
  58  5:11  Drone x3  
  61  5:22  Extractor, Drone x3  
  61  5:23  Drone x2  
  61  5:24  Drone x2  
  61  5:26  Overlord  
  61  5:27  Drone  
  68  5:35  Overlord, Drone x2  
  69  5:36  Drone  
  69  5:37  Evolution Chamber  
  70  5:44  Spine Crawler  
  70  5:47  Roach x3  
  75  5:54  Roach  
  75  5:55  Roach x2  
  79  6:01  Zergling x4  
  79  6:02  Zergling x6  
  79  6:03  Roach  
  83  6:06  Zergling x4  
  83  6:07  Queen  
  83  6:11  Overlord  
  83  6:14  Queen  
  83  6:15  Spore Crawler  
  83  6:20  Drone x2  
  83  6:21  Extractor, Drone  
  83  6:23  Extractor  
  84  6:26  Drone x6  
  84  6:32  Lair  
  90  6:38  Extractor  
  89  6:44  Drone x3  
  89  6:45  Drone  
  93  6:55  Drone x4  
  96  7:04  Roach x5  
  96  7:05  Roach  
  103  7:12  Overlord  
  103  7:22  Zerg Missile Weapons Level 1  
  103  7:24  Roach x5  
  103  7:26  Overlord  
  113  7:34  Glial Reconstitution, Drone x2  
  115  7:37  Pneumatized Carapace  
  115  7:38  Drone x5  
  115  7:40  Hatchery, Extractor  
  118  7:45  Overlord  
  118  7:50  Roach x5  
  128  7:51  Overlord  
  128  7:59  Overlord x2  
  128  8:12  Roach x4  
  136  8:13  Overlord x2  
  136  8:18  Overlord  
  136  8:20  Overseer  
  136  8:23  Ravager x4  
  136  8:24  Ravager  
  136  8:25  Drone x3  
  136  8:26  Drone x3  
  147  8:32  Overlord  
  147  8:37  Roach, Spine Crawler  
  147  8:38  Roach x4  
  156  8:42  Overseer  
  156  8:43  Roach  
  156  8:48  Ravager, Roach  
  159  8:49  Roach x3  
  159  8:53  Zergling x8  
  171  9:00  Roach x2  
  175  9:06  Roach x4  
  183  9:16  Zergling x10  
Show
View Real Time Build Order
Export as new Build Order

PluTo Protoss 

Build Orders: Archon Immortal 

Get SALT Encoding   

  12  0:01  Probe  
  13  0:13  Probe  
  14  0:18  Pylon  
  14  0:24  Probe  
  15  0:32  Probe  
  15  0:40  Gateway  
  15  0:41  Probe  
  17  0:51  Probe  
  17  0:52  Assimilator  
  18  1:03  Probe  
  19  1:15  Probe  
  20  1:19  Pylon  
  20  1:24  Zealot  
  22  1:36  Cybernetics Core  
  22  1:39  Pylon  
  22  1:57  Zealot  
  22  2:03  Pylon  
  22  2:27  Warp Gate  
  21  2:35  Nexus  
  20  2:42  Adept  
  22  2:51  Probe  
  22  2:56  Assimilator  
  23  3:05  Twilight Council  
  23  3:09  Probe  
  24  3:18  Probe  
  24  3:26  Probe  
  26  3:34  Robotics Facility  
  26  3:36  Probe  
  27  3:42  Charge  
  27  3:48  Probe  
  26  3:59  Probe  
  26  4:00  Probe  
  28  4:05  Gateway  
  28  4:11  Probe  
  28  4:12  Probe  
  30  4:19  Gateway  
  30  4:27  Warp Prism  
  30  4:30  Probe  
  33  4:32  Probe  
  34  4:43  Probe, Dark Shrine  
  34  4:45  Probe  
  36  4:53  Pylon  
  36  4:55  Probe  
  37  5:05  Zealot x2  
  40  5:17  Sentry, Probe  
  40  5:19  Probe  
  43  5:25  Probe  
  43  5:26  Observer  
  46  5:40  Pylon  
  46  5:43  Pylon  
  46  5:45  Nexus  
  46  5:47  Assimilator  
  46  5:49  Assimilator  
  46  5:58  Probe x2  
  48  6:04  Dark Templar x3  
  48  6:08  Immortal  
  48  6:10  Probe  
  48  6:11  Archon  
  49  6:21  Probe  
  54  6:31  Shield Battery  
  54  6:32  Shield Battery  
  54  6:36  Dark Templar  
  54  6:37  Stalker x2  
  60  6:44  Archon  
  60  6:45  Pylon  
  60  6:46  Probe  
  61  6:56  Probe  
  61  6:58  Probe  
  63  7:03  Void Ray  
  63  7:08  Probe  
  63  7:10  Probe  
  65  7:17  Immortal  
  65  7:20  Probe  
  65  7:22  Probe  
  67  7:31  Zealot x3  
  67  7:32  Probe  
  67  7:34  Probe  
  75  7:39  Forge  
  75  7:41  Probe, Forge  
  76  7:45  Probe  
  76  7:51  Probe  
  78  7:54  Stalker  
  78  7:55  Stalker  
  78  7:58  Probe  
  84  8:05  Pylon  
  83  8:07  Pylon  
  83  8:09  Observer  
  83  8:13  Immortal  
  83  8:20  Probe x2  
  83  8:23  Probe  
  90  8:30  Robotics Facility  
  90  8:32  Probe  
  90  8:33  Probe  
  92  8:38  Probe  
  93  8:51  Shield Battery  
  93  8:52  Immortal  
  93  8:53  Shield Battery  
  97  8:55  Zealot x2  
  101  9:03  Gateway  
  91  9:20  Zealot x3  
Tags
 
Add a new tag
Caveats
  • Supply blocks, unpowered buildings, or Contaminate may cause inaccurate times.
  • Supply counts are checked every 10 seconds.